 Seeded DCSS version 0.28-a0-1206-g193881aaa2 (webtiles) character file.

Game seed: 17753636173388036118 (custom seed)

95857 flotson the Fighter (level 15, -4/123 HPs)
             Began as a Demonspawn Gladiator on Dec 20, 2021.
             Was an Initiate of Gozag.
             Slain by an iron giant (glowing shapeshifter) (33 damage)
             ... on level 14 of the Dungeon on Dec 21, 2021.
             The game lasted 01:10:51 (28955 turns).

flotson the Fighter (Demonspawn Gladiator)         Turns: 28955, Time: 01:10:53

Health: -4/123     AC: 33    Str: 21    XL:     15   Next: 67%
Magic:  10/15      EV: 18    Int: 11    God:    Gozag
Gold:   2325       SH:  7    Dex: 18    Spells: 14/14 levels left

rFire   . . .      SeeInvis +   a - +4 broad axe (flame)
rCold   . . .      Faith    .   Z - +2 buckler
rNeg    . . .      Spirit   .   H - +5 ring mail of Limitation {Regen+ Dex+4}
rPois   .          Reflect  .   c - +0 mask of the Dragon {Will+ Slay+3 SInv}
rElec   .          Harm     .   N - +2 cloak {Will+}
rCorr   +          Rampage  +   t - +1 pair of gloves {infuse}
Will    ++++.                   M - +1 pair of boots {rampage}
Stlth   +.........              G - amulet of regeneration
HPRegen 1.90/turn               R - ring of resist corrosion
MPRegen 0.28/turn               L - ring of willpower

@: sanguine armoured
A: powered by death 3, magic regeneration, sanguine armour 3, weakness stinger 2
a: Renounce Religion, Potion Petition, Call Merchant, Bribe Branch


You were on level 14 of the Dungeon.
You worshipped Gozag.
Gozag was most pleased with you.
You visited 4 branches of the dungeon, and saw 23 of its levels.
You also visited: Sewer and Ice Cave.

You collected 7892 gold pieces.
You spent 3528 gold pieces at shops.
You paid 2039 gold pieces to Gozag.

Inventory:

Hand Weapons
 a - a +4 broad axe of flaming (weapon)
Missiles
 p - 10 javelins
 q - 11 curare-tipped darts
 y - 2 boomerangs of dispersal
 A - 26 boomerangs
 Q - 7 atropa-tipped darts (quivered)
Armour
 c - the +0 mask of the Dragon (worn) {Will+ Slay+3 SInv}
   (You bought it in a shop on level 1 of the Orcish Mines)

   Slay:      It affects your accuracy & damage with ranged weapons and melee
   (+3).
   SInv:      It lets you see invisible.
   Will:      It increases your willpower.
 t - a +1 pair of gloves of infusion (worn)
 H - the +5 ring mail of Limitation (worn) {Regen+ Dex+4}
   (You bought it in a shop on level 4 of the Dungeon)

   Dex:       It affects your dexterity (+4).
   Regen:     It increases your rate of health regeneration.
 M - a +1 pair of boots of rampaging (worn)
 N - a +2 cloak of willpower (worn)
 Z - a +2 buckler (worn)
Jewellery
 B - a ring of flight
 G - an amulet of regeneration (around neck)
 I - an amulet of reflection
 L - a ring of willpower (right hand)
 R - a ring of resist corrosion (left hand)
Wands
 b - a wand of acid (2)
 r - a wand of mindburst (12)
 D - a wand of iceblast (6)
 F - a wand of charming (4)
 S - a wand of digging (18)
 T - a wand of polymorph (10)
 Y - a wand of paralysis (18)
Scrolls
 d - 3 scrolls of immolation
 e - 2 scrolls of fog
 f - a scroll of summoning {unknown}
 g - 10 scrolls of teleportation
 l - 2 scrolls of blinking
 m - 5 scrolls of vulnerability
 v - 3 scrolls of magic mapping
 E - a scroll of silence {unknown}
 K - 2 scrolls of enchant armour
 O - 3 scrolls of fear
 W - a scroll of torment {unknown}
 X - a scroll of brand weapon
Potions
 h - a potion of cancellation
 i - 7 potions of heal wounds
 j - 2 potions of ambrosia
 k - 8 potions of mutation
 s - 3 potions of might
 u - 2 potions of lignification
 w - 3 potions of flight
 x - 7 potions of curing
 z - 3 potions of attraction
 C - 2 potions of haste
 J - 2 potions of invisibility
 P - a potion of berserk rage
 U - a potion of resistance
Miscellaneous
 n - a condenser vane


   Skills:
 + Level 13.0 Fighting
 + Level 6.8(8.6) Axes
 - Level 8.1(9.2) Maces & Flails
 - Level 10.3 Throwing
 + Level 11.8 Armour
 + Level 12.2 Dodging
 - Level 4.0 Shields
 - Level 9.1 Evocations


You had 14 spell levels left.
You didn't know any spells.
Your spell library contained the following spells:

 Spells                   Type           Power      Damage    Failure   Level
 Animate Skeleton         Necr           0%         N/A       45%         1
 Freeze                   Ice            0%         1d3       45%         1
 Summon Small Mammal      Summ           0%         N/A       45%         1
 Corpse Rot               Necr/Air       0%         N/A       61%         2
 Ensorcelled Hibernation  Hex/Ice        0%         N/A       61%         2
 Passwall                 Tmut/Erth      0%         N/A       61%         2
 Poisonous Vapours        Pois/Air       0%         N/A       61%         2
 Sublimation of Blood     Necr           0%         N/A       61%         2
 Call Canine Familiar     Summ           0%         N/A       83%         3
 Dazzling Flash           Conj/Hex       0%         N/A       83%         3
 Ozocubu's Armour         Ice            0%         N/A       83%         3
 Spider Form              Tmut/Pois      0%         N/A       83%         3
 Stone Arrow              Conj/Erth      0%         3d7       83%         3
 Summon Guardian Golem    Hex/Summ       0%         N/A       83%         3
 Swiftness                Air            0%         N/A       83%         3
 Animate Armour           Summ/Erth      0%         N/A       99%         4
 Animate Dead             Necr           0%         N/A       99%         4
 Iskenderun's Mystic Bla  Conj/Tloc      0%         2d3       99%         4
 Excruciating Wounds      Necr           0%         N/A       100%        5
 Metabolic Englaciation   Hex/Ice        0%         N/A       100%        5
 Summon Forest            Summ/Tloc      0%         N/A       100%        5
 Death Channel            Necr           0%         N/A       100%        6
 Eringya's Noxious Bog    Tmut/Pois      0%         N/A       100%        6
 Starburst                Conj/Fire      0%         6d3       100%        6
 Haunt                    Necr/Summ      0%         N/A       100%        7
 Ozocubu's Refrigeration  Ice            0%         4d5       100%        7
 Summon Hydra             Summ           0%         N/A       100%        7
 Infestation              Necr           0%         N/A       100%        8
 Lehudib's Crystal Spear  Conj/Erth      0%         10d2      100%        8
 Polar Vortex             Ice            0%         N/A       100%        9


Dungeon Overview and Level Annotations

Branches:
Dungeon (14/15)            Temple (1/1) D:4            Lair (6/6) D:10
  Swamp (0/4) Lair:3       Spider (0/4) Lair:3        Slime (0/5) Lair:6
    Orc (2/2) D:10            Elf (0/3) Orc:2         Sewer (visited)
  IceCv (visited)
 Vaults: D:13-14

Altars:
Cheibriados
Dithmenos
Elyvilon
Fedhas
Gozag
Makhleb
Nemelex Xobeh
Okawaru
Qazlal
Sif Muna
Trog
Vehumet
Wu Jian
Xom
Zin
The Shining One
Beogh
Jiyva

Shops:
D:4 [   D:6 **   D:10 *   D:12 =   Orc:1 *[[   Orc:2 :*((

Portals:
Trove: D:11 (give +2 gold dragon scales)


Innate Abilities, Weirdness & Mutations

You regenerate a lot of health from kills.
You regenerate magic rapidly.
When seriously injured, your blood forms very thick armour. (AC +12)
You have a tail ending in a sharp stinger.


Message History

You are too injured to fight recklessly!
Unknown command.
You are too injured to fight recklessly!
You are too injured to fight recklessly!
Unknown command.
You are too injured to fight recklessly!
Unknown command.
You are too injured to fight recklessly!
Unknown command.
You are too injured to fight recklessly!
Unknown command.
You slice the iron giant!! You burn the iron giant.
You tail-slap the iron giant.
The iron giant is moderately wounded.
The iron giant misses you.
You slice the iron giant!! You burn the iron giant.
Your tail-slap misses the iron giant.
The iron giant is heavily wounded.
The iron giant misses you.
The iron giant hits you but does no damage.
You hit the iron giant.
The iron giant is heavily wounded.
You block the iron giant's attack.
You hit the iron giant but do no damage.
The iron giant is heavily wounded.
The iron giant hits you!!!
* * * LOW HITPOINT WARNING * * *
Aiming: Mindburst
Press: ? - help, Shift-Dir - straight line, f - iron giant
Aim: an iron giant shaped shifter (heavily wounded, chance to affect: 15%)
Okay, then.
Unknown command.
Aiming: Corrosive Bolt
Press: ? - help, Shift-Dir - straight line, f - iron giant
Aim: an iron giant shaped shifter (heavily wounded, 100% to hit)
The bolt of acid hits the iron giant!!
The acid corrodes the iron giant!
The iron giant is severely wounded.
The iron giant hits you!!
You die...
Your body crumbles into a pile of gold.

................. #.
#$............## #.#
#.......#......[ #.#
#.......#.#.#.## #.#
#.......#.#.#.#
#.##.###.......'...#.#
#.##...............#.#
#.##.##C..#####....#.#
#.#.##..@.......#....#.#
#.#.##.#######..#....#.##
#.#.##.# #........
#.#.##.# $$ #..#.#.##
#.#.##.# #..#.#.##
#.#....# $ #....#...
#.####.##########.##.#.#.
#.................##.#.#.
##.##########.###..##.#.#.


You could see an iron giant shaped shifter (corroded).

Vanquished Creatures
  Rupert (D:13)
  Frances (D:13)
  A frost giant (D:13)
  2 yaktaur captains (D:14)
  Erolcha (D:11)
  3 boulder beetles
  Fannar (Lair:3)
  3 hydras
  8 vault guards
  2 catoblepae (Lair:6)
  A centaur warrior (D:14)
  An ogre mage (D:11)
  7 two-headed ogres
  5 death yaks
  A deep troll earth mage (D:14)
  Urug (D:11)
  2 orc high priests (Orc:2)
  5 skeletal warriors (D:14)
  A fire crab (Lair:6)
  2 bog bodies (Lair:3)
  A lindwurm (Lair:3)
  A harpy (shapeshifter) (D:13)
  A deep elf pyromancer (D:14)
  An orc knight (Orc:2)
  Pikel (D:4)
  A necromancer (IceCv)
  An oklob plant (Lair:6)
  6 orc sorcerers
  2 ugly things (IceCv)
  5 manticores
  A cyclops (D:14)
  17 elephants
  7 black mambas
  An ice statue (IceCv)
  14 cane toads
  4 rime drakes
  3 freezing wraiths (IceCv)
  14 komodo dragons
  2 entropy weaver simulacra (IceCv)
  11 ice devils (IceCv)
  3 anaconda simulacra (IceCv)
  4 polar bears (Lair:6)
  2 jumping spiders (Lair:3)
  5 trolls
  3 hornets (Lair:6)
  Prince Ribbit (D:8)
  2 dream sheep (Lair:6)
  19 blink frogs
  A water elemental (D:12)
  5 redbacks (Lair:3)
  25 yaks
  12 spriggans (Lair:6)
  4 wraiths
  A dire elephant simulacrum (IceCv)
  8 wyverns
  3 basilisks
  A golden eye (Lair:5)
  Grum (Lair:1)
  15 vampire mosquitoes
  6 death yak simulacra (IceCv)
  5 wargs
  A harpy simulacrum (IceCv)
  2 acid dragons
  22 water moccasins
  20 orc warriors
  A hornet zombie (D:8)
  An ice beast (D:8)
  2 sky beasts
  4 black bears
  4 boggarts (Lair:6)
  2 necrophages
  6 ogres
  72 wolves
  3 centaurs
  4 lemures (D:4)
  8 bullfrogs
  3 kobold brigands
  3 gnoll sergeants
  4 cane toad simulacra (IceCv)
  A two-headed ogre simulacrum (IceCv)
  An elephant simulacrum (IceCv)
  3 howler monkeys (D:10)
  8 wights
  3 electric eels (D:7)
  6 centaur zombies
  A gnoll shaman (D:8)
  4 hounds
  2 jellies
  27 orc priests
  3 bullfrog skeletons
  Terence (D:2)
  Crazy Yiuf (D:2)
  31 orc wizards
  5 iguanas
  6 polar bear simulacra (IceCv)
  3 wolf simulacra (IceCv)
  A killer bee zombie (D:7)
  3 troll simulacra (IceCv)
  Robin (D:3)
  3 adders
  17 gnolls
  A river rat (Sewer)
  4 shadow imps
  13 white imps
  4 ufetubi
  An adder skeleton (D:4)
  4 worms
  A dart slug (D:2)
  71 orcs
  7 ball pythons
  6 endoplasms
  3 giant cockroaches
  20 goblins
  8 hobgoblins
  3 jackals
  13 kobolds
  2 quokkas (D:2)
  9 bats
  7 frilled lizards
  12 rats
751 creatures vanquished.

Vanquished Creatures (others)
  An orc wizard (D:4)
  An endoplasm (D:3)
  51 fungi
  72 plants
125 creatures vanquished.

Grand Total: 876 creatures vanquished

Notes
Turn   | Place    | Note
-------+----------+-------------------------------------------
     0 | D:1      | flotson the Demonspawn Gladiator began the quest for the
                  | Orb.
     0 | D:1      | Reached XP level 1. HP: 16/16 MP: 1/1
   105 | D:1      | Gained mutation: You regenerate a little health from kills.
                  | [demonic ancestry]
   105 | D:1      | Reached XP level 2. HP: 19/22 MP: 2/2
   431 | D:1      | Found a faded altar of an unknown god.
   698 | D:2      | Reached skill level 1 in Armour
   702 | D:2      | Gained mutation: You regenerate health from kills. [demonic
                  | ancestry]
   702 | D:2      | Reached XP level 3. HP: 28/28 MP: 3/3
   782 | D:2      | Found a runed translucent door.
   783 | D:2      | Noticed Crazy Yiuf
   800 | D:2      | Noticed Terence
   812 | D:2      | Killed Terence
   813 | D:2      | Gained mutation: You regenerate magic rapidly. [demonic
                  | ancestry]
   813 | D:2      | Reached XP level 4. HP: 34/34 MP: 4/4
  1308 | D:2      | Killed Crazy Yiuf
  1477 | D:3      | Reached skill level 3 in Fighting
  1485 | D:2      | Gained mutation: When seriously injured, your blood forms
                  | armour. (AC +12) [demonic ancestry]
  1485 | D:2      | Reached XP level 5. HP: 41/41 MP: 5/5
  1612 | D:3      | Noticed Robin
  1727 | D:3      | Killed Robin
  1879 | D:4      | Found a radiant altar of Vehumet.
  2001 | D:4      | Gained mutation: You have a small tail. [demonic ancestry]
  2001 | D:4      | Reached XP level 6. HP: 18/39 MP: 6/6
  2115 | D:4      | Found Fuith's Armour Boutique.
  2170 | D:4      | Found a staircase to the Ecumenical Temple.
  2170 | D:4      | Noticed Pikel
  2345 | Temple   | Entered the Ecumenical Temple
  2361 | Temple   | Became a worshipper of Gozag Ym Sagoz the Greedy
  2556 | D:4      | Reached skill level 4 in Fighting
  2556 | D:4      | Gained mutation: You have a tail ending in a sharp stinger.
                  | [demonic ancestry]
  2556 | D:4      | Reached XP level 7. HP: 52/54 MP: 7/7
  2889 | D:5      | Entered Level 5 of the Dungeon
  3024 | D:5      | Found a glowing drain.
  3038 | Sewer    | Entered a sewer
  3871 | D:5      | Reached skill level 5 in Dodging
  4158 | D:6      | Found Gexang's Specific Store.
  4163 | D:6      | Found Ricud's General Store.
  4167 | D:6      | Bought a scroll of identify for 22 gold pieces
  4181 | D:6      | Reached XP level 8. HP: 61/61 MP: 8/8
  4216 | D:6      | Reached skill level 5 in Fighting
  4772 | D:6      | Reached skill level 5 in Throwing
  5289 | D:6      | Found Gexang's Specific Store.
  5294 | D:6      | Found Ricud's General Store.
  6351 | D:7      | Identified the +7 long sword of Piqenam {flame, Will+ Str+3
                  | Dex-5}
  6543 | D:7      | Found a sparkling altar of Nemelex Xobeh.
  6645 | D:7      | Reached skill level 6 in Fighting
  6645 | D:7      | Reached skill level 5 in Armour
  7474 | D:7      | Reached XP level 9. HP: 63/69 MP: 9/9
  9127 | D:8      | Found an ornate altar of the Wu Jian Council.
  9304 | D:4      | Bought the +5 ring mail of Limitation {Regen+ Dex+4} for
                  | 621 gold pieces
  9406 | D:6      | Bought a scroll of blinking for 82 gold pieces
  9472 | D:8      | Noticed Prince Ribbit
  9488 | D:8      | Killed Prince Ribbit
  9489 | D:8      | Reached skill level 1 in Evocations
 10496 | D:9      | Found a sparkling altar of Nemelex Xobeh.
 10496 | D:9      | Found a shadowy altar of Dithmenos.
 10586 | D:9      | Reached skill level 7 in Fighting
 10604 | D:9      | Reached skill level 1 in Maces & Flails
 10713 | D:9      | Found a blossoming altar of Fedhas.
 10881 | D:9      | Found a shimmering altar of Xom.
 11243 | D:4      | Killed Pikel
 11244 | D:4      | Gained mutation: When seriously injured, your blood forms
                  | thick armour. (AC +12) [demonic ancestry]
 11244 | D:4      | Reached XP level 10. HP: 79/79 MP: 10/10
 11279 | D:4      | Bought a +1 pair of boots of rampaging for 231 gold pieces
 11279 | D:4      | Bought a +2 cloak of willpower for 301 gold pieces
 11577 | D:10     | Entered Level 10 of the Dungeon
 12255 | D:10     | Found Kugohof's Assorted Antiques.
 12259 | D:10     | Bought a scroll of identify for 64 gold pieces
 12628 | D:10     | Found a staircase to the Lair.
 12938 | D:10     | Noticed a two-headed ogre
 12949 | D:10     | Killed a two-headed ogre
 12950 | D:10     | Reached skill level 8 in Fighting
 12995 | D:10     | Reached skill level 1 in Shields
 13031 | D:10     | Found a bloodstained altar of Trog.
 13110 | D:10     | Found a staircase to the Orcish Mines.
 13299 | Lair:1   | Entered Level 1 of the Lair of Beasts
 13417 | Lair:1   | Gained mutation: You regenerate a lot of health from kills.
                  | [demonic ancestry]
 13417 | Lair:1   | Reached XP level 11. HP: 58/86 MP: 11/11
 13562 | Lair:1   | Reached skill level 5 in Evocations
 13892 | Lair:1   | Identified the +3 robe of Hyesetz {rElec Regen+ Int+3}
 14152 | Lair:1   | Noticed Grum
 14202 | Lair:1   | Killed Grum
 14536 | D:10     | Bought an arbalest for 144 gold pieces
 14536 | D:10     | Bought a scroll labelled QIMAGRE GIMMAG for 32 gold pieces
 14536 | D:10     | Bought a glowing hand crossbow for 208 gold pieces
 14685 | Lair:2   | Noticed a five-headed hydra
 15180 | Lair:2   | Reached skill level 9 in Fighting
 15193 | Lair:2   | Reached skill level 5 in Maces & Flails
 15193 | Lair:2   | Gained mutation: When seriously injured, your blood forms
                  | very thick armour. (AC +12) [demonic ancestry]
 15193 | Lair:2   | Reached XP level 12. HP: 95/95 MP: 12/12
 15451 | Lair:2   | Killed a five-headed hydra
 16191 | Lair:3   | Found a hole to the Spider Nest.
 16404 | Lair:3   | You fall into a shaft and drop 3 floors!
 16404 | Lair:6   | Entered Level 6 of the Lair of Beasts
 16404 | Lair:6   | Noticed a boulder beetle
 16415 | Lair:6   | Noticed a catoblepas
 16426 | Lair:6   | Noticed a catoblepas
 16594 | Lair:4   | Noticed a four-headed hydra
 16614 | Lair:4   | Killed a four-headed hydra
 17109 | Lair:3   | Found a staircase to the Swamp.
 17308 | Lair:3   | Reached skill level 10 in Fighting
 17308 | Lair:3   | Reached XP level 13. HP: 101/103 MP: 13/13
 17463 | Lair:3   | Noticed Fannar
 17485 | Lair:3   | Killed Fannar
 19249 | Lair:5   | Noticed Sonja
 19250 | Lair:5   | Noticed Sonja
 19250 | Lair:5   | Sonja changed into Sonja the golden eye
 19253 | Lair:5   | Killed Sonja the golden eye
 19460 | Lair:5   | Reached skill level 10 in Dodging
 20028 | Lair:6   | Paralysed by a hornet for 2 turns
 20143 | Lair:6   | Reached skill level 10 in Throwing
 20252 | Lair:6   | Reached XP level 14. HP: 111/111 MP: 14/14
 20470 | Lair:6   | Reached skill level 11 in Fighting
 20520 | Lair:6   | Paralysed by a hornet for 1 turns
 20652 | Lair:6   | Reached skill level 10 in Armour
 20731 | Lair:6   | Identified the +8 falchion "Povuotty" {speed, Str+5 Int-5
                  | SInv}
 21192 | Lair:6   | Found a viscous altar of Jiyva.
 21193 | Lair:6   | Found a staircase to the Slime Pits.
 21860 | Orc:1    | Entered Level 1 of the Orcish Mines
 21962 | D:11     | Noticed Urug
 21973 | D:11     | Killed Urug
 22004 | D:11     | You fall into a shaft and drop 1 floor!
 22082 | D:12     | Found a frozen archway.
 22108 | IceCv    | Entered an ice cave
 22416 | IceCv    | Found an ancient bone altar of Kikubaaqudgha.
 22994 | IceCv    | Got Vath's Papyrus of Cold
 23248 | IceCv    | Got Bumazayn's Almanac of Ice and Unholy Magic
 23896 | D:11     | Noticed Erolcha
 23915 | D:11     | Killed Erolcha
 23916 | D:11     | Reached skill level 12 in Fighting
 24167 | D:11     | Found a portal to a secret trove of treasure.
 24611 | D:12     | Found Muboak's Jewellery Emporium.
 25741 | Orc:2    | Entered Level 2 of the Orcish Mines
 25964 | Orc:2    | Reached skill level 5 in Axes
 25964 | Orc:2    | Reached XP level 15. HP: 114/120 MP: 15/15
 26083 | Orc:2    | Found a staircase to the Elven Halls.
 26407 | Orc:2    | Found Uliast's Weapon Shop.
 26407 | Orc:2    | Found Fisyamon's Weapon Shop.
 26408 | Orc:2    | Found Pupirise's Book Boutique.
 26412 | Orc:2    | Found Cofop's General Store.
 26416 | Orc:2    | Bought 5 atropa-tipped darts for 39 gold pieces
 26418 | Orc:2    | Bought 5 curare-tipped darts for 36 gold pieces
 26418 | Orc:2    | Bought 6 atropa-tipped darts for 43 gold pieces
 26607 | Orc:1    | Bought a scroll of identify for 82 gold pieces
 26607 | Orc:1    | Bought a bloodstained chain mail for 389 gold pieces
 26607 | Orc:1    | Identified the +7 chain mail of the Marlin {rC+ rN+ Will+}
                  | (You bought it in a shop on level 1 of the Orcish Mines)
 26607 | Orc:1    | Bought a scroll of identify for 82 gold pieces
 26607 | Orc:1    | Bought a scroll labelled ECHIGA DEVI for 41 gold pieces
 26636 | Orc:1    | Bought the +0 mask of the Dragon {Will+ Slay+3 SInv} for
                  | 534 gold pieces
 26636 | Orc:1    | Found the +0 mask of the Dragon {Will+ Slay+3 SInv}
 26648 | Orc:1    | Bought a +1 pair of gloves of infusion for 264 gold pieces
 26661 | Orc:1    | Bought an ichor-stained cloak for 313 gold pieces
 26661 | Orc:1    | Identified the -1 cloak of Narcissism {*Corrode rElec Will+
                  | Int+6} (You bought it in a shop on level 1 of the Orcish
                  | Mines)
 27262 | D:13     | Noticed Frances
 27269 | D:13     | Killed Frances
 27770 | D:14     | Found the +5 sword of Power {vorpal}
 27771 | D:14     | Noticed a frost giant
 27953 | D:13     | Killed a frost giant
 28561 | D:14     | Reached skill level 13 in Fighting
 28698 | D:14     | Noticed Rupert
 28736 | D:13     | Killed Rupert
 28945 | D:14     | Noticed a juggernaut
 28945 | D:14     | Noticed a golden dragon
 28945 | D:14     | a juggernaut changed into a golden dragon
 28946 | D:14     | Noticed an iron giant
 28946 | D:14     | a golden dragon changed into an iron giant
 28955 | D:14     | Slain by an iron giant (glowing shapeshifter)

Illustrated notes

Levels and vault maps discovered:
D:1:      lightli_arrival_lavapool, layout_basic,
          dreamdust_ecumenical_altar_hidden_monk_grotto
D:2:      layout_rooms, serial_bayou_pond_b, hex_intersection,
          amcnicky_mini_pool_small, uniq_terence, uniq_crazy_yiuf_cottage
D:3:      layout_basic, lemuel_flame_loot_1, uniq_robin
D:4:      layout_loops_ring, mainiacjoe_overflow_tiny_flanked,
          minmay_temple_entry_trees, serial_shops, nicolae_shop_behind_doors,
          solitary_fountain, uniq_pikel
D:5:      layout_loops_ring, elyvilon_altar_1, cheibrodos_sewer_entry_sluice
D:6:      layout_basic, nicolae_specific_store
D:7:      statuecave_lemuel, layout_basic, minivault_10, kennysheep_flooded_box,
          serial_bayou_ford_a
D:8:      layout_basic, nicolae_overflow_crystal_walls, uniq_prince_ribbit1
D:9:      layout_roguey [special_room_orc], old_standard_altar,
          mainiacjoe_overflow_24_doors, amethyst_overflow_temple_binary,
          lemuel_round_altar
D:10:     layout_stronghold, trog_three_pillars_becter, minmay_lair_entry_grove,
          serial_shops, shop
D:11:     layout_roguey, nicolae_trove_entry_diagonal, uniq_urug, uniq_erolcha
D:12:     layout_basic, serial_shops, nicolae_shop_crystal, enter_bailey_3,
          portal_ice_cave_entry_imps, nooodl_orcs_dogs
D:13:     layout_irregular_city, uniq_frances
D:14:     minmay_guarded_unrand_sword_of_power, layout_basic, david_vaults_4,
          uniq_rupert
Temple:   dshaligram_water_room_temple
Lair:1:   layout_cave_pods, chequers_serial_rivers_room_a, hibernation_bobbens,
          serial_bayou_shore_b, uniq_grum
Lair:2:   layout_regular_city, chequers_serial_rivers_small_b
Lair:3:   layout_long_grid, skrybe_swamp_entry_bodies,
          nicolae_spider_entry_tight_spaces, grunt_forest_large_clearings,
          uniq_fannar
Lair:4:   layout_regular_city, serial_bayou_shore_b
Lair:5:   layout_cellular_growth, uniq_sonja
Lair:6:   minmay_lair_end_enchanted_forest, layout_misc_corridors,
          dpeg_slime_entry_enclosed_altar, hangedman_lair_generics_rect
Orc:1:    layout_diamond_mine
Orc:2:    st_orc_mages, layout_diamond_mine, basic_altar

Skill      XL: |  1  2  3  4  5  6  7  8  9 10 11 12 13 14 15 |
---------------+----------------------------------------------+-----
Throwing       | 2 3 4 5 6 7 8 9 10 | 10.3
Armour         | 1 2 3 4 5 6 7 8 9 11 | 11.8
Dodging        | 3 4 5 6 7 8 9 10 11 12 | 12.2
Fighting       | 3 4 6 7 8 9 10 12 13 | 13.0
Evocations     | 3 4 6 7 8 9 |  9.1
Maces & Flails | 1 3 5 6 7 8 |  8.1
Shields        | 1 3 4 |  4.0
Axes           | 5 6 |  6.8

Action                   |  1- 3 |  4- 6 |  7- 9 | 10-12 | 13-15 || total
-------------------------+-------+-------+-------+-------+-------++-------
Melee: War axe           |    72 |    31 |       |       |       ||   103
       Quarterstaff      |       |   168 |   165 |       |       ||   333
       Tailslap          |       |     7 |    73 |   263 |   518 ||   861
       Long sword        |       |       |   115 |       |       ||   115
       Whip              |       |       |   173 |  1231 |  1210 ||  2614
       Broad axe         |       |       |       |       |   955 ||   955
 Fire: Hand crossbow     |       |       |       |    38 |       ||    38
Throw: Dart              |     2 |     5 |       |       |    11 ||    18
       Throwing net      |       |     3 |     6 |     1 |       ||    10
       Boomerang         |       |       |       |       |    38 ||    38
       Javelin           |       |       |       |       |     9 ||     9
Invok: Call Merchant     |       |       |       |       |     3 ||     3
Evoke: Wand              |       |       |     2 |       |     2 ||     4
       Condenser vane    |       |       |       |       |     1 ||     1
  Use: Scroll            |       |       |     7 |     9 |    18 ||    34
       Potion            |       |       |     1 |     1 |     1 ||     3
 Stab: Held in net/web   |       |       |     1 |       |       ||     1
       Paralysed         |       |       |     1 |       |       ||     1
       Distracted        |       |       |     2 |     7 |    13 ||    22
       Petrified         |       |       |       |       |    11 ||    11
Armor: Leather armour    |    34 |       |       |       |       ||    34
       Scale mail        |       |   129 |   128 |       |       ||   257
       Ring mail         |       |       |    93 |   587 |   842 ||  1522
       Chain mail        |       |       |       |       |   165 ||   165
Dodge: Dodged            |    80 |   141 |   316 |  1015 |  1634 ||  3186
Block: Buckler           |       |       |       |   309 |   596 ||   905

Table legend: (Time is in decaauts)
 A = Elapsed time spent in this place.
 B = Non-inter-level travel time spent in this place.
 C = Inter-level travel time spent in this place.
 D = Time resting spent in this place.
 E = Time spent auto-exploring this place.
 F = Levels seen in this place.
 G = Mean time per level.
                   A        B        C        D        E       F      G
               +--------+--------+--------+--------+--------+-----+--------+
         Total |  29028 |  25315 |   3713 |    962 |  16465 |  25 | 1161.1 |
       Dungeon |  17680 |  15185 |   2495 |    769 |  10647 |  14 | 1262.9 |
        Temple |     32 |     16 |     16 |      0 |      5 |   1 |   32.0 |
          Lair |   8306 |   7254 |   1052 |     71 |   4320 |   6 | 1384.3 |
  Orcish Mines |   1513 |   1364 |    149 |    100 |    804 |   2 |  756.5 |
         Sewer |    161 |    161 |      0 |      0 |    116 |   1 |  161.0 |
      Ice Cave |   1333 |   1333 |      0 |     21 |    572 |   1 | 1333.0 |
               +--------+--------+--------+--------+--------+-----+--------+

Top non-repeatable levels by time:
     D:6: 2462 daAuts
     D:7: 2062 daAuts
  Lair:6: 1805 daAuts
  Lair:3: 1591 daAuts
  Lair:1: 1528 daAuts
    D:10: 1416 daAuts
     D:5: 1415 daAuts
     D:4: 1397 daAuts
     D:8: 1335 daAuts
   IceCv: 1333 daAuts
  Lair:2: 1247 daAuts
    D:14: 1168 daAuts
  Lair:4: 1119 daAuts
     D:3: 1075 daAuts
    D:13: 1033 daAuts
